AoeStats
← Barón de la Cerveza

Hideout

507598290Analyzed
1v1 RM · 14d ago on Sep 18, 2026· 32m 21s· 2 players
Game mode
Random Map
Map size
Tiny (2 player)
Population
200
Speed
Normal
Resources
Standard
Victory
Conquest
Starting age
Dark Age
Ending age
Imperial Age
RankedLock teamsTeams togetherTeam positionsShared explorationLock speedFull tech treeHidden civsTurbo modeCheats
Victory
Defeat
🇲🇽 Khmer · Mexico
1902
+9
🇦🇺 Malay · Australia
1744
-9
Barón de la Cerveza
10:35 Feudal Age
13:16 Castle Age
12:41 Horse Collar
12:52 Double-Bit Axe
16:19 Bow Saw
20:07 Loom
23:38 Sanctity
28:36 Bloodlines
28:32 Husbandry
28:50 Redemption
NOCHAT_OzzieAmigo
7:11 Loom
9:45 Feudal Age
9:53 Double-Bit Axe
9:50 Horse Collar
10:22 Loom
17:00 Castle Age
16:21 Scale Barding Armor
16:30 Forging
16:52 Squires
17:45 Scale Barding Armor
18:59 Husbandry
25:52 Devotion
Connection lost

Rejoining the realm…

Still unreachable

The connection could not be restored.

Session expired

The server has moved on; the page needs a fresh start.